Map: World of Sleepers LE

Players

Lambo

  • Race: Zerg Zerg
  • Spawn Location: 7:00

tso - Winner!

  • Race: Zerg Zerg
  • Spawn Location: 1:00

VOD

Have the link to the VOD?

Description

Time

  • Played on: Sept. 6, 2019, 12:19 p.m.
  • Length: 5:19
Show
View Real Time Build Order
Export as new Build Order

Lambo Zerg 

Build Orders: Hatch First, Zergling Baneling 

Get SALT Encoding   

  12  0:00  Drone  
  13  0:12  Overlord  
  13  0:16  Drone  
  14  0:31  Drone x2  
  16  0:47  Hatchery  
  15  0:51  Drone  
  15  0:54  Drone  
  15  0:57  Drone  
  18  1:08  Extractor  
  17  1:12  Spawning Pool  
  17  1:15  Drone  
  17  1:18  Drone  
  18  1:27  Drone  
  19  1:38  Drone  
  20  1:49  Drone  
  21  1:59  Queen  
  21  2:00  Overlord, Zergling x2, Queen  
  26  2:08  Metabolic Boost  
  26  2:10  Drone  
  26  2:11  Drone  
  28  2:22  Drone x2  
  30  2:33  Hatchery  
  30  2:35  Drone  
  30  2:39  Drone  
  30  2:43  Drone  
  32  2:47  Baneling Nest  
  31  2:51  Overlord  
  31  2:54  Drone  
  32  3:02  Drone  
  32  3:04  Zergling x2  
  34  3:06  Drone  
  34  3:09  Drone  
  34  3:10  Drone x4  
  34  3:12  Zergling x2  
  41  3:18  Drone  
  41  3:19  Drone  
  43  3:26  Queen  
  43  3:27  Overlord, Extractor  
  45  3:36  Extractor  
  45  3:41  Unknown  
  43  3:43  Evolution Chamber, Drone x2  
  43  3:46  Drone  
  43  3:47  Drone x3  
  49  3:48  Drone  
  49  3:50  Zergling x6  
  49  3:55  Drone  
  53  3:57  Drone, Roach Warren  
  53  4:02  Zergling x2  
  54  4:09  Zergling x4  
  56  4:12  Overlord  
  56  4:15  Zergling x4  
  58  4:18  Overlord  
  58  4:20  Baneling x9  
  58  4:26  Overlord  
  58  4:31  Overlord  
  58  4:32  Zergling x4  
  58  4:35  Zergling x2  
  57  4:39  Zergling x4  
  57  4:43  Zergling x2  
  58  4:49  Zergling x6  
  58  4:57  Zergling x2  
  58  4:58  Zergling x2  
Show
View Real Time Build Order
Export as new Build Order

tso Zerg - Winner!

Build Orders: Hatch First, Roach Nydus 

Get SALT Encoding   

  12  0:00  Drone  
  13  0:13  Overlord  
  13  0:16  Drone  
  14  0:31  Drone x2  
  16  0:48  Hatchery  
  15  0:51  Drone  
  15  0:55  Drone  
  17  0:58  Drone  
  18  1:09  Extractor  
  17  1:13  Spawning Pool  
  17  1:16  Drone  
  17  1:19  Drone  
  18  1:29  Drone  
  19  1:46  Drone  
  20  1:51  Drone  
  21  2:00  Drone  
  21  2:01  Overlord, Queen  
  24  2:09  Lair  
  24  2:11  Zergling x4  
  26  2:23  Drone x2  
  26  2:29  Extractor  
  27  2:36  Drone x2, Queen  
  31  2:51  Drone x2  
  31  2:52  Evolution Chamber  
  31  2:56  Drone x2, Roach Warren  
  33  3:12  Overlord  
  33  3:14  Evolution Chamber  
  32  3:21  Nydus Network  
  32  3:25  Overlord  
  31  3:39  Overlord  
  31  3:52  Roach x8  
  47  3:56  Roach  
  47  3:59  Nydus Canal  
  49  4:02  Overlord  
  49  4:07  Roach  
  51  4:12  Overlord  
  51  4:29  Roach x4  
  59  4:41  Roach x3  
  65  4:48  Roach x2  
  65  4:56  Roach  
  65  4:59  Overlord  
Tags
 
Add a new tag
Caveats
  • Supply blocks, unpowered buildings, or Contaminate may cause inaccurate times.
  • Supply counts are checked every 10 seconds.